 Dungeon Crawl Stone Soup version 0.29-a0-555-g3b24f45cc1 (webtiles) character file.

Game seed: 15424324943166330082

41 NateTC the Chopper (level 3, -1/31 HPs)
             Began as a Hill Orc Fighter on June 8, 2022.
             Slain by a hobgoblin (6 damage)
             ... led by Robin
             ... on level 2 of the Dungeon.
             The game lasted 00:01:46 (1001 turns).

NateTC the Chopper (Hill Orc Fighter)               Turns: 1001, Time: 00:01:46

Health: -1/31      AC: 11    Str: 20    XL:     3   Next: 52%
Magic:  3/3        EV:  9    Int:  8    God:
Gold:   111        SH:  4    Dex: 10    Spells: 2/2 levels left

rFire   . . .      SeeInvis .   a - +0 war axe
rCold   . . .      Faith    .   c - +0 buckler
rNeg    . . .      Spirit   .   b - +1 scale mail
rPois   .          Reflect  .   f - +2 helmet
rElec   .          Harm     .   (no cloak)
rCorr   .          Rampage  .   (no gloves)
Will    .....                   (no boots)
Stlth   ..........              (no amulet)
HPRegen 0.10/turn               (no ring)
MPRegen 0.08/turn               (no ring)

@: no status effects
A: no striking features
a: no special abilities


You were on level 2 of the Dungeon.
You visited 1 branch of the dungeon, and saw 2 of its levels.

You collected 111 gold pieces.

Inventory:

Hand Weapons
 a - a +0 war axe (weapon)
Armour
 b - a +1 scale mail (worn)
 c - a +0 buckler (worn)
 f - a +2 helmet (worn)
Scrolls
 e - a scroll of enchant armour
Potions
 d - a potion of might
 i - a potion of haste


   Skills:
 - Level 3.6 Fighting
 * Level 5.1 Axes
 - Level 3.2 Armour
 - Level 3.2 Shields


You had 2 spell levels left.
You didn't know any spells.
Your spell library was empty.

Dungeon Overview and Level Annotations

Branches:
Dungeon (2/15)

Altars:

Annotations:
D:2 Robin


Message History

You are too injured to fight recklessly!
You are too injured to fight recklessly!
You are too injured to fight recklessly!
You are too injured to fight recklessly!
You are too injured to fight recklessly!
You are too injured to fight recklessly!
You are too injured to fight recklessly!
You are too injured to fight recklessly!
You are too injured to fight recklessly!
You are too injured to fight recklessly!
You are too injured to fight recklessly!
You are too injured to fight recklessly!
You are too injured to fight recklessly!
You are too injured to fight recklessly!
You are too injured to fight recklessly!
You are too injured to fight recklessly!
You are too injured to fight recklessly!
You hit the goblin.
You kill the goblin!
You hit the goblin.
You kill the goblin!
The goblin no longer looks unusually strong.
The goblin shoots a sling bullet.
The sling bullet closely misses you. Robin throws the goblin at you!
The goblin unwields a +0 hunting sling.
The goblin wields a +0 club.
You block the goblin's attack.
You miss the goblin. You closely miss the hobgoblin.
The hobgoblin hits you but does no damage.
The goblin hits you with a +0 club.
You barely miss the hobgoblin. You closely miss the goblin.
The hobgoblin hits you. The goblin hits you with a +0 club.
* * * LOW HITPOINT WARNING * * *
The hobgoblin hits you.
* * * LOW HITPOINT WARNING * * *
You barely miss the hobgoblin. You closely miss the goblin.
The goblin hits you but does no damage. The hobgoblin closely misses you.
You closely miss the hobgoblin. You hit the goblin.
The goblin hits you with a +0 club.
* * * LOW HITPOINT WARNING * * *
The hobgoblin hits you.
You die...

#.....†...........
#.................
#................#
#.........<#...###
#..............#
#.#########.#.##
#.# #..#.# #g#
..#..# #@# .# #g#
.#


Jgg ## ..... ....... ###.#..## #. #.. .. .## You could see Robin, an endoplasm,
2 hobgoblins and a goblin.

Vanquished Creatures
  A dart slug (D:2)
  A bat (D:2)
  3 endoplasms (D:1)
  2 giant cockroaches
  8 goblins
  4 hobgoblins
  A kobold (D:2)
  A quokka (D:1)
  6 ball pythons
  2 frilled lizards (D:2)
  3 rats
32 creatures vanquished.

Notes
Turn   | Place    | Note
-------+----------+-------------------------------------------
     0 | D:1      | NateTC the Hill Orc Fighter began the quest for the Orb.
     0 | D:1      | Reached XP level 1. HP: 19/19 MP: 1/1
    57 | D:1      | Reached skill level 3 in Axes
   233 | D:1      | Reached XP level 2. HP: 25/26 MP: 2/2
   265 | D:1      | Noticed a great orb of eyes
   343 | D:1      | Found a faded altar of an unknown god.
   345 | D:1      | Noticed a great orb of eyes
   345 | D:1      | Noticed an eye of devastation
   345 | D:1      | Noticed a shining eye
   391 | D:1      | Reached skill level 4 in Axes
   889 | D:2      | Reached XP level 3. HP: 27/31 MP: 3/3
   981 | D:2      | Noticed Robin
   994 | D:2      | Reached skill level 5 in Axes
  1001 | D:2      | Slain by a hobgoblin

Illustrated notes

Levels and vault maps discovered:
D:1:      amcnicky_arrival_blooded_trapdoor, layout_rooms,
          hellmonk_ecumenical_altar_watching_god
D:2:      layout_rooms, st_stairs_9, uniq_robin

Skill      XL: |  1  2  3 |
---------------+----------+-----
Axes           | 3 4 5 |  5.1
Fighting       | |  3.6
Armour         | |  3.2
Shields        | |  3.2

Action                   || total
-------------------------++-------
Melee: War axe           ||    71
  Use: Scroll            ||     4
Armor: Scale mail        ||    42
Dodge: Dodged            ||    30
Block: Buckler           ||    13

Table legend: (Time is in decaauts)
 A = Elapsed time spent in this place.
 B = Non-inter-level travel time spent in this place.
 C = Inter-level travel time spent in this place.
 D = Time resting spent in this place.
 E = Time spent auto-exploring this place.
 F = Levels seen in this place.
 G = Mean time per level.
                   A        B        C        D        E       F      G
               +--------+--------+--------+--------+--------+-----+--------+
         Total |   1024 |    992 |     32 |     23 |    668 |   2 |  512.0 |
       Dungeon |   1024 |    992 |     32 |     23 |    668 |   2 |  512.0 |
               +--------+--------+--------+--------+--------+-----+--------+

Top non-repeatable levels by time:
     D:1: 784 daAuts
     D:2: 240 daAuts
